 Dungeon Crawl Stone Soup version 0.32-a0-918-g0f22ef8d61 (webtiles) character file.

Game seed: 2446961363130018992

28 innerfire43 the Grasshopper (level 3, 0/26 HPs)
             Began as a Demonspawn Wanderer on Apr 11, 2024.
             Slain by a ribbon worm (4 damage)
             ... on level 2 of the Dungeon.
             The game lasted 00:03:03 (906 turns).

innerfire43 the Grasshopper (Demonspawn Wanderer)    Turns: 906, Time: 00:03:03

Health: 0/26       AC:  5    Str: 13    XL:     3   Next: 0%
Magic:  4/4        EV:  5    Int: 15    God:
Gold:   65         SH:  0    Dex: 10    Spells: 3/4 levels left

rFire   . . .        a - +0 dagger
rCold   . . .        (no shield)
rNeg    . . .        e - +0 robe
rPois   .            (no helmet)
rElec   .            (no cloak)
rCorr   .            (no gloves)
SInv    .            l - +0 pair of boots
Will    .....        (no amulet)
Stlth   +            (no ring)
HPRegen 0.24/turn    (no ring)
MPRegen 0.09/turn

%: no passive effects
@: held
A: claws 1, molten scales 1
a: no special abilities


You were on level 2 of the Dungeon.
You visited 1 branch of the dungeon, and saw 2 of its levels.

You collected 65 gold pieces.

Inventory:

Hand Weapons
 a - a +0 dagger (weapon)
Missiles
 b - 5 boomerangs (quivered)
 h - 5 poisoned darts
 k - a throwing net
Armour
 e - a +0 robe (worn)
 l - a +0 pair of boots (worn)
Scrolls
 d - a scroll of blinking
 f - a scroll of amnesia {unknown}
 n - a scroll of enchant armour
Potions
 c - a potion of curing
 g - a potion of magic {unknown}
 j - a potion of enlightenment {unknown}
 m - a potion of haste {unknown}


   Skills:
 + Level 1.0 Fighting
 + Level 0.8 Short Blades
 * Level 2.3 Throwing
 + Level 1.4 Armour
 - Level 1.0 Dodging
 - Level 1.0 Spellcasting
 - Level 4.5 Translocations


You had 3 spell levels left.
You knew the following spells:

 Your Spells              Type           Power      Damage    Failure   Level
a - Apportation           Tloc           28%        N/A       3%          1

Your spell library contained the following spells:

 Spells                   Type           Power      Damage    Failure   Level
 Hailstorm                Conj/Ice       0%         3d5       58%         3
 Summon Ice Beast         Ice/Summ       0%         N/A       58%         3
 Passage of Golubria      Tloc           14%        N/A       36%         4
 Iskenderun's Mystic Bla Conj/Tloc 7%             2d4        (+2d1     67%         4
 Permafrost Eruption      Ice/Erth       0%         2x4d1     100%        6
 Sculpt Simulacrum        Ice/Alch       0%         N/A       100%        6


Dungeon Overview and Level Annotations

Branches:
Dungeon (2/15)

Altars:


Innate Abilities, Weirdness & Mutations

You have sharp fingernails.
You are partially covered in molten scales. (AC +2)


Message History

The ribbon worm bites you.
You hit the ribbon worm but do no damage.
The ribbon worm is moderately wounded.
You barely miss the ribbon worm.
The ribbon worm is moderately wounded.
The ribbon worm bites you.
You hit the ribbon worm but do no damage.
The ribbon worm is moderately wounded.
The ribbon worm barely misses you.
You hit the ribbon worm.
The ribbon worm is moderately wounded.
The ribbon worm barely misses you.
You hit the ribbon worm.
The ribbon worm is moderately wounded.
You barely miss the ribbon worm.
The ribbon worm is moderately wounded.
The ribbon worm bites you but does no damage.
You barely miss the ribbon worm.
The ribbon worm is moderately wounded.
The ribbon worm barely misses you.
You hit the ribbon worm.
The ribbon worm is moderately wounded.
The ribbon worm barely misses you.
You hit the ribbon worm.
The ribbon worm is moderately wounded.
You hit the ribbon worm.
The ribbon worm is heavily wounded.
The ribbon worm closely misses you.
You hit the ribbon worm but do no damage.
The ribbon worm is heavily wounded.
The ribbon worm bites you!
* * * LOW HITPOINT WARNING * * *
You barely miss the ribbon worm.
The ribbon worm is moderately wounded.
The ribbon worm expels a string of sticky webbing.
The stream of webbing hits you but does no damage.
You are caught in a web!
You struggle to detach yourself from the web.
The ribbon worm bites you.
You die...

....>....######.###
...##.#### ##...###
#.###.# #......###
#.###.#
##........##
......#
#...........
#.###.#
##..........# #.#
#.####
#...........# #.#
#....###..........#
#.#
####........@w....#
#.#
######........##
#.# ###.....$# #.#
###...## ##....
####


You could see a ribbon worm.

Vanquished Creatures
  2 dart slugs (D:1)
  4 ball pythons
  2 giant cockroaches
  3 goblins (D:1)
  3 quokkas
  5 bats
  2 kobolds (D:1)
  A rat (D:1)
22 creatures vanquished.

Notes
Turn   | Place    | Note
-------+----------+-------------------------------------------
     0 | D:1      | innerfire43 the Demonspawn Wanderer began the quest for the
                  | Orb.
     0 | D:1      | innerfire43 set off with the following items: a +0 dagger,
                  | 7 boomerangs, a potion of curing, a scroll of blinking, a
                  | +0 robe; and the following spell memorised: Apportation;
                  | and the following spells available to memorise: Passage of
                  | Golubria, Iskenderun's Mystic Blast.
     0 | D:1      | Reached XP level 1. HP: 13/13 MP: 2/2
   193 | D:1      | Gained mutation: You have sharp fingernails. [demonic
                  | ancestry]
   193 | D:1      | Reached XP level 2. HP: 20/20 MP: 3/3
   793 | D:2      | Reached skill level 1 in Fighting
   799 | D:2      | Gained mutation: You are partially covered in molten
                  | scales. (AC +2) [demonic ancestry]
   799 | D:2      | Reached XP level 3. HP: 9/26 MP: 4/4
   906 | D:2      | Slain by a ribbon worm

Illustrated notes

Levels and vault maps discovered:
D:1:      tarquinn_simple_flora_water_c, layout_rooms
D:2:      minmay_skewed_foursquare, layout_loops_corners, uniq_natasha

Skill      XL: |  1  2 |
---------------+-------+-----
Throwing       | 2 |  2.3
Fighting       | 1 |  1.0
Short Blades   | |  0.8
Armour         | |  1.4
Dodging        | |  1.0
Spellcasting   | |  1.0
Translocations | |  4.5

Action                     || total
---------------------------++-------
  Melee: Dagger            ||   114
  Throw: Boomerang         ||    63
    Use: Scroll            ||     3
 Armour: Robe              ||   141
  Dodge: Dodged            ||   119

Table legend: (Time is in decaauts)
 A = Elapsed time spent in this place.
 B = Non-inter-level travel time spent in this place.
 C = Inter-level travel time spent in this place.
 D = Time resting spent in this place.
 E = Time spent auto-exploring this place.
 F = Levels seen in this place.
 G = Mean time per level.
                   A        B        C        D        E       F      G
               +--------+--------+--------+--------+--------+-----+--------+
         Total |    915 |    915 |      0 |      0 |    591 |   2 |  457.5 |
       Dungeon |    915 |    915 |      0 |      0 |    591 |   2 |  457.5 |
               +--------+--------+--------+--------+--------+-----+--------+

Top non-repeatable levels by time:
     D:1: 645 daAuts
     D:2: 269 daAuts
